AoeStats
← Chaos

Nomad

509727256Analyzed
4v4 RM · 5d ago on Sep 27, 2026· 51m 42s· 8 players
Game mode
Random Map
Map size
231×231
Population
200
Speed
Normal
Resources
Standard
Victory
Conquest
Starting age
Dark Age
Ending age
Imperial Age
RankedLock teamsTeams togetherTeam positionsShared explorationLock speedFull tech treeHidden civsTurbo modeCheats
Victory
Defeat
🇬🇧 Franks · United Kingdom
1944
+13
🇬🇧 Maya · United Kingdom
1833
+17
🇬🇧 Slavs · United Kingdom
1833
+17
🇬🇧 Poles · United Kingdom
1822
+18
🇨🇳 Dravidians · China
1985
-21
🇨🇳 Armenians · China
1874
-17
🇧🇪 Portuguese · Belgium
1830
-15
🇲🇽 Cumans · Mexico
1756
-12
Crouch
5:45 Loom
13:05 Feudal Age
14:13 Double-Bit Axe
15:42 Fishing Lines
18:57 Fletching
19:07 Gold Mining
22:54 Castle Age
24:30 Wheelbarrow
23:41 Town Watch
24:17 Medium Warships
24:46 Bow Saw
24:41 Horse Collar
25:57 Heavy Plow
26:24 Hand Cart
30:07 Szlachta Privileges
30:09 Scale Barding Armor
33:27 Imperial Age
31:26 Bloodlines
32:05 Gillnets
32:39 Husbandry
33:02 Chain Barding Armor
32:52 Forging
33:31 Cavalier
37:00 Chemistry
36:36 Iron Casting
45:15 Blast Furnace
47:05 Light Cavalry
Alfred
4:33 Loom
12:44 Feudal Age
17:29 Castle Age
15:27 Fletching
15:22 Double-Bit Axe
16:15 Town Watch
18:19 Bodkin Arrow
22:55 Wheelbarrow
25:30 Horse Collar
38:48 Bow Saw
39:17 Town Watch
42:48 Imperial Age
40:24 Padded Archer Armor
41:17 Masonry
43:05 Ballistics
43:35 Bracer
44:08 Architecture
45:55 Leather Archer Armor
46:41 Chemistry
47:32 Two-Man Saw
47:36 Gold Mining
51:07 Ring Archer Armor
50:02 Elite Skirmisher
50:54 Thumb Ring
Rgeadn
5:10 Loom
12:54 Feudal Age
13:45 Double-Bit Axe
18:58 Forging
23:06 Castle Age
22:59 Wheelbarrow
24:00 Medium Warships
24:27 Iron Casting
30:50 Hand Cart
30:29 Town Watch
37:19 Imperial Age
35:01 Fortified Wall
34:58 Scale Barding Armor
35:19 Gold Mining
35:20 Stone Mining
36:10 Husbandry
36:31 Chain Barding Armor
36:32 Bow Saw
39:09 Plate Barding Armor
39:55 Blast Furnace
40:33 Scale Mail Armor
39:59 Cavalier
43:33 Siege Engineers
44:21 Elite Throwing Axeman
45:21 Conscription
45:22 Scale Mail Armor
45:23 Squires
45:09 Arson
46:23 Chain Mail Armor
47:16 Coinage
46:43 Paladin
48:49 Onager
50:15 Masonry
49:46 Treadmill Crane
50:26 Ballistics
49:58 Fletching
Toady
11:20 Loom
14:03 Feudal Age
17:44 Castle Age
23:50 Double-Bit Axe
24:22 Light Cavalry
25:44 Forging
26:23 Scale Barding Armor
26:57 Bow Saw
27:38 Bloodlines
28:07 Wheelbarrow
32:08 Husbandry
33:08 Fortified Wall
34:56 Fletching
35:45 Fishing Lines
36:39 Horse Collar
38:18 Bodkin Arrow
38:35 Town Watch
40:27 Hand Cart
45:13 Imperial Age
45:59 Capped Ram
46:06 Onager
47:38 Siege Engineers
48:43 Gold Mining
50:10 Heavy Plow
50:54 Detinets
52:15 Chemistry
51:31 Siege Onager
Chaos
9:40 Loom
11:47 Feudal Age
12:33 Double-Bit Axe
22:45 Castle Age
22:05 Fishing Lines
23:46 Medium Warships
23:54 Bow Saw
30:41 Imperial Age
32:15 Heavy Warships
32:49 Clinker Construction
38:28 Pikeman
39:10 Gillnets
39:08 Halberdier
41:14 Scale Mail Armor
42:42 Forging
44:12 Stone Mining
47:43 Wheelbarrow
51:07 Iron Casting
肱二头肌
13:24 Feudal Age
13:08 Loom
17:03 Castle Age
14:50 Double-Bit Axe
15:23 Horse Collar
15:38 Fishing Lines
17:08 Light Cavalry
18:29 Bow Saw
21:25 Wheelbarrow
28:38 Imperial Age
26:26 Hand Cart
26:52 Fletching
27:24 Ballistics
27:59 Gold Mining
28:00 Stone Mining
28:17 Bodkin Arrow
29:24 Bracer
31:36 Padded Archer Armor
32:37 Chemistry
32:15 Gold Shaft Mining
31:44 Heavy Plow
33:45 Leather Archer Armor
33:53 Conscription
34:14 Elite Composite Bowman
35:25 Ring Archer Armor
34:59 Pikeman
35:40 Squires
35:46 Halberdier
38:19 Scale Mail Armor
38:29 Forging
38:51 Bombard Tower
40:56 Coinage
41:03 Chain Mail Armor
41:23 Iron Casting
43:53 Plate Mail Armor
44:24 Blast Furnace
43:52 Murder Holes
44:36 Hoardings
46:29 Masonry
合川狗大高手
4:34 Loom
11:22 Feudal Age
12:52 Double-Bit Axe
16:50 Town Watch
19:53 Castle Age
19:23 Gold Mining
20:48 Medium Warships
20:49 Bow Saw
21:45 Clinker Construction
21:48 Careening
21:49 Fishing Lines
22:23 Careening
23:56 Horse Collar
26:57 Wheelbarrow
28:55 Heavy Plow
33:56 Ballistics
37:15 Imperial Age
35:15 Stone Mining
35:31 Fletching
36:46 Bodkin Arrow
37:52 Padded Archer Armor
39:50 Chemistry
38:53 Bracer
40:07 Husbandry
41:07 Thumb Ring
40:55 Elite Elephant Archer
46:21 Conscription
46:20 Leather Archer Armor
46:48 Hand Cart
47:28 Ring Archer Armor
46:48 Pikeman
47:29 Squires
47:30 Scale Mail Armor
49:02 Chain Mail Armor
48:36 Halberdier
50:10 Plate Mail Armor
49:51 Forging
51:12 Wootz Steel
VL Mibel
9:57 Loom
12:18 Feudal Age
16:13 Double-Bit Axe
17:14 Fletching
30:13 Wheelbarrow
29:30 Horse Collar
29:48 Town Watch
33:34 Castle Age
31:54 Padded Archer Armor
33:15 Gold Mining
34:13 Bodkin Arrow
42:26 Imperial Age
43:42 Hand Cart
Connection lost

Rejoining the realm…

Still unreachable

The connection could not be restored.

Session expired

The server has moved on; the page needs a fresh start.